 Dungeon Crawl Stone Soup version 0.28-a0-1167-g616b1c6417 (webtiles) character file.

Game seed: 6789370072023997921

4383 AarnesTheHuman the Fighter (level 10, 0/83 HPs)
             Began as a Formicid Fighter on Dec 16, 2021.
             Was a Believer of Okawaru.
             Slain by a troll (15 damage)
             ... on level 8 of the Dungeon.
             The game lasted 00:13:19 (11425 turns).

AarnesTheHuman the Fighter (Formicid Fighter)      Turns: 11425, Time: 00:13:20

Health: 0/83       AC:  9    Str: 25    XL:     10   Next: 61%
Magic:  13/13      EV: 10    Int:  8    God:    Okawaru [**....]
Gold:   362        SH:  4    Dex: 10    Spells: 9/9 levels left

rFire   . . .      SeeInvis +   a - +0 war axe
rCold   . . .      Faith    .   c - +0 buckler
rNeg    . . .      Spirit   .   b - +1 scale mail
rPois   .          Reflect  .   (helmet unavailable)
rElec   .          Harm     .   (no cloak)
rCorr   .          Rampage  .   (no gloves)
Will    +....                   (no boots)
Stlth   ..........              (no amulet)
HPRegen 0.23/turn               (no ring)
MPRegen 0.13/turn               (no ring)

@: studying Transmutations
A: permanent stasis, dig shafts and tunnels, antennae 3, four strong arms
a: Dig, Shaft Self, Renounce Religion, Heroism


You were on level 8 of the Dungeon.
You worshipped Okawaru.
Okawaru was pleased with you.
You visited 2 branches of the dungeon, and saw 9 of its levels.

You collected 362 gold pieces.

Inventory:

Hand Weapons
 a - a +0 war axe (weapon)
 d - a +1 whip of freezing
 n - a +2 vampiric dagger
 p - a +2 whip of electrocution
 s - the +8 quarterstaff of the Spheres {flame, *Corrode Fly rN+}
   (You found it on level 5 of the Dungeon)

   It burns those it strikes, dealing additional fire damage.
   rN:        It protects you from negative energy.
   Fly:       It grants you flight.
   *Corrode:  It may corrode you when you take damage.
Missiles
 e - 3 javelins
 f - a curare-tipped dart
 j - 4 boomerangs
 k - 207 stones
 o - a throwing net
 r - 33 bolts
 t - 2 atropa-tipped darts
 v - 25 poisoned darts
 D - 6 silver javelins
Armour
 b - a +1 scale mail (worn)
 c - a +0 buckler (worn)
 w - a +2 leather armour of poison resistance
Scrolls
 h - 2 scrolls of fear
 y - a scroll of magic mapping
 C - a scroll of enchant armour
Potions
 g - 2 potions of cancellation
 i - a potion of heal wounds
 l - 3 potions of brilliance {unknown}
 m - 6 potions of curing
 q - a potion of flight {unknown}
 u - a potion of attraction {unknown}
 x - a potion of mutation {unknown}
 z - a potion of haste {unknown}
 A - a potion of invisibility {unknown}


   Skills:
 + Level 9.3 Fighting
 * Level 9.1 Axes
 + Level 9.3 Armour
 - Level 3.6 Shields
 + Level 4.6 Invocations


You had 9 spell levels left.
You didn't know any spells.
Your spell library contained the following spells:

 Spells                   Type           Power      Damage    Failure   Level
 Apportation              Tloc           0%         N/A       65%         1
 Sting                    Tmut/Pois      0%         1d3       65%         1
 Poisonous Vapours        Pois/Air       0%         N/A       80%         2
 Gell's Gravitas          Tloc           0%         N/A       95%         3
 Teleport Other           Tloc           0%         N/A       95%         3
 Olgreb's Toxic Radiance  Pois           0%         N/A       100%        4
 Dispersal                Tloc           0%         N/A       100%        6
 Animate Skeleton         Necr           Unusable   N/A       N/A         1
 Summon Small Mammal      Summ           Unusable   N/A       N/A         1

Dungeon Overview and Level Annotations

Branches:
Dungeon (8/15)             Temple (1/1) D:6
   Lair: D:8-11

Altars:
Ashenzari
Cheibriados
Dithmenos
Elyvilon
Fedhas
Gozag
Hepliaklqana
Kikubaaqudgha
Makhleb
Nemelex Xobeh
Okawaru
Qazlal
Ru
Sif Muna
Trog
Uskayaw
Vehumet
Wu Jian
Xom
Yredelemnul
Zin
The Shining One

Shops:
D:1 !   D:6 ?

Annotations:
D:2 1 runed translucent door, Crazy Yiuf
D:6 2 transporters, PirateVox's ghost, novice TrMo


Innate Abilities, Weirdness & Mutations

You cannot be hasted, slowed, berserked, paralysed or teleported.
You can dig through walls and to a lower floor.
You have a pair of large antennae on your head. (SInv)
Your four strong arms can wield two-handed weapons with a shield.


Message History

The troll shouts!
Found 3 curare-tipped darts.
There is an open gate here.
You completely miss the troll. The troll bites you but does no damage.
The troll claws you. x2
You slash the troll!
The troll is moderately wounded.
The troll closely misses you. The troll claws you but does no damage.
The troll claws you.
You barely miss the troll.
The troll is moderately wounded.
The troll bites you. The troll claws you! You block the troll's attack.
You hit the troll.
The troll is moderately wounded.
The troll closely misses you. You block the troll's attack.
The troll closely misses you.
You barely miss the troll.
The troll is moderately wounded.
The troll closely misses you. The troll claws you. The troll claws you!
You hit the troll but do no damage.
The troll is moderately wounded.
The troll misses you. The troll claws you. The troll claws you!
You hit the troll but do no damage.
The troll is moderately wounded.
The troll bites you. The troll barely misses you. x2
You hit the troll but do no damage.
The troll is moderately wounded.
You block the troll's attack. The troll barely misses you.
The troll claws you but does no damage.
You hit the troll.
The troll is moderately wounded.
The troll bites you but does no damage. The troll claws you!
* * * LOW HITPOINT WARNING * * *
You block the troll's attack. The troll barely misses you. The troll claws you!
* * * LOW HITPOINT WARNING * * *
The troll closely misses you.
You slash the troll!
The troll is heavily wounded.
The troll bites you!
You die...

#.# ..♣ ♣.... #.# ...♣
♣.....#####.###
....♣♣♣♣♣.....##........
...(..♣......###.##....#
#...........##.'........
#.........##..#.##...##
♣.....♣##..##.##....#
#'T@###..###.###)#.#
#.......## #.# ##...
######'## #.# ##.# #.#
#.. .... #.# ### ###.#
##.## #.# ##...## #.#
#.....# ..# ##...## ##


You could see a troll.

Vanquished Creatures
  Pikel (D:4)
  A shadow (D:6)
  A wraith (D:7)
  4 hogs (D:7)
  A wyvern (D:7)
  A human (D:7)
  A steam dragon (D:7)
  2 water moccasins
  A black bear (D:2)
  2 ice beasts
  An ogre (D:6)
  A necrophage (D:7)
  3 centaurs
  3 phantoms
  A kobold brigand (D:4)
  3 bullfrogs
  2 water moccasin zombies (D:5)
  A scorpion (D:7)
  A water moccasin skeleton (D:4)
  A wight (D:7)
  2 centaur zombies
  A bullfrog zombie (D:6)
  2 hounds
  A jelly (D:6)
  2 orc priests (D:3)
  2 bullfrog skeletons
  3 gnoll shamans
  4 iguanas
  An orc wizard (D:6)
  A killer bee zombie (D:7)
  A hound zombie (D:5)
  2 hound skeletons (D:4)
  20 gnolls
  A howler monkey skeleton (D:6)
  7 adders
  A white imp (D:5)
  3 ufetubi
  4 dart slugs
  12 orcs
  10 ball pythons
  10 endoplasms
  4 giant cockroaches
  9 goblins
  6 hobgoblins
  2 jackals (D:4)
  2 quokkas
  5 bats
  2 frilled lizards (D:1)
  12 kobolds
  4 rats
168 creatures vanquished.

Vanquished Creatures (collateral kills)
  A gnoll shaman (D:6)
1 creature vanquished.

Grand Total: 169 creatures vanquished

Notes
Turn   | Place    | Note
-------+----------+-------------------------------------------
     0 | D:1      | AarnesTheHuman the Formicid Fighter began the quest for the
                  | Orb.
     0 | D:1      | Reached XP level 1. HP: 18/18 MP: 1/1
    95 | D:1      | Reached XP level 2. HP: 18/24 MP: 2/2
   397 | D:1      | Found Getaidd's Distillery.
   494 | D:1      | Reached XP level 3. HP: 28/30 MP: 3/3
  1210 | D:2      | Reached XP level 4. HP: 37/37 MP: 4/4
  1401 | D:2      | Found a runed translucent door.
  1402 | D:2      | Noticed Crazy Yiuf
  1552 | D:2      | Noticed a black bear
  1556 | D:2      | Killed a black bear
  1557 | D:2      | Reached XP level 5. HP: 43/43 MP: 5/5
  1670 | D:2      | Found a faded altar of an unknown god.
  2203 | D:3      | Reached XP level 6. HP: 49/49 MP: 6/6
  2237 | D:3      | Reached skill level 5 in Fighting
  2237 | D:3      | Reached skill level 5 in Armour
  3539 | D:4      | Reached XP level 7. HP: 39/56 MP: 7/7
  4284 | D:5      | Entered Level 5 of the Dungeon
  5008 | D:5      | Noticed Pikel
  5194 | D:4      | Killed Pikel
  5195 | D:4      | Reached skill level 5 in Axes
  5195 | D:4      | Reached XP level 8. HP: 37/65 MP: 8/8
  5850 | D:5      | Reached XP level 9. HP: 59/72 MP: 9/9
  5851 | D:5      | Identified the +8 quarterstaff of the Spheres {flame,
                  | *Corrode Fly rN+}
  7035 | D:6      | Found a staircase to the Ecumenical Temple.
  7043 | Temple   | Entered the Ecumenical Temple
  7487 | Temple   | Became a worshipper of Warmaster Okawaru
  7554 | D:6      | Found a blossoming altar of Fedhas.
  7589 | D:6      | Reached skill level 1 in Invocations
  7670 | D:6      | Found a broken altar of Ashenzari.
  7803 | D:6      | Noticed PirateVox's ghost (novice TrMo)
  7824 | D:6      | Noticed a hornet
  7826 | D:6      | Noticed a queen bee
  7848 | D:6      | Found a transporter.
  7853 | D:6      | Found a transporter.
  8238 | D:6      | Found Lurem's Magic Scroll Shop.
  8782 | D:7      | Reached * piety under Okawaru
  9200 | D:7      | Reached XP level 10. HP: 44/82 MP: 12/12
  9698 | D:7      | Reached ** piety under Okawaru
 11425 | D:8      | Slain by a troll

Illustrated notes

Levels and vault maps discovered:
D:1:      amcnicky_arrival_underground_garden, layout_rooms, serial_shops,
          nicolae_shop_competitors_out_of_business
D:2:      layout_basic, ebering_ecumenical_altar_webs, uniq_crazy_yiuf_cottage
D:3:      layout_loops_ring
D:4:      layout_basic
D:5:      layout_cave_pools, uniq_pikel
D:6:      layout_basic, mainiacjoe_overflow_concentric_impassable,
          minmay_temple_entry_statues_fountains, gammafunk_ghost_hive,
          serial_shops, nicolae_shop_stone, minmay_ruined_shrine
D:7:      layout_basic, grunt_livestock, minmay_manual_mandibuliform
D:8:      layout_loops_corners, kennysheep_donut, uniq_joseph
Temple:   mainiacjoe_temple_trianglar_array

Skill      XL: |  1  2  3  4  5  6  7  8  9 10 |
---------------+-------------------------------+-----
Fighting       | 4 5 6 7 8 9 |  9.3
Armour         | 4 5 6 7 8 9 |  9.3
Axes           | 3 4 5 6 7 9 |  9.1
Invocations    | 2 4 |  4.6
Shields        | |  3.6

Action                   |  1- 3 |  4- 6 |  7- 9 | 10-12 || total
-------------------------+-------+-------+-------+-------++-------
Melee: War axe           |    85 |   165 |   335 |   113 ||   698
Throw: Javelin           |       |     2 |       |       ||     2
       Boomerang         |       |     1 |       |       ||     1
Invok: Heroism           |       |       |       |     1 ||     1
 Abil: Dig               |       |       |     3 |       ||     3
  Use: Scroll            |       |    11 |     4 |     1 ||    16
       Potion            |       |       |     2 |     2 ||     4
Armor: Scale mail        |    39 |    73 |   141 |    46 ||   299
Dodge: Dodged            |    40 |    80 |   193 |    75 ||   388
Block: Buckler           |    12 |    36 |    72 |    29 ||   149

Table legend: (Time is in decaauts)
 A = Elapsed time spent in this place.
 B = Non-inter-level travel time spent in this place.
 C = Inter-level travel time spent in this place.
 D = Time resting spent in this place.
 E = Time spent auto-exploring this place.
 F = Levels seen in this place.
 G = Mean time per level.
                   A        B        C        D        E       F      G
               +--------+--------+--------+--------+--------+-----+--------+
         Total |  11597 |  11188 |    409 |   3573 |   5894 |   9 | 1288.6 |
       Dungeon |  11112 |  10783 |    329 |   3573 |   5495 |   8 | 1389.0 |
        Temple |    485 |    405 |     80 |      0 |    399 |   1 |  485.0 |
               +--------+--------+--------+--------+--------+-----+--------+

Top non-repeatable levels by time:
     D:4: 2631 daAuts
     D:7: 2461 daAuts
     D:5: 1524 daAuts
     D:6: 1380 daAuts
     D:2: 1070 daAuts
     D:3: 987 daAuts
     D:1: 854 daAuts
  Temple: 485 daAuts
     D:8: 202 daAuts
